[ AOE2 MATCH · #471105405 ]
Team RMHuns vs Berbers
[ REPLAY ANALYSIS · EXTRACTED FROM THE RECORDED GAME ]
Feudal
9:16
Castle
21:28
Imperial
38:02
| APM avg | 47.9 |
| APM peak | 91 |
| eAPM avg | 14.0 |
| Villagers / military | 143 / 120 |
Focus
⚔️ 36.2% · 🌾 63.8%
Scout Cavalry ×56 · Cavalry Archer ×34 · Knight ×23 · Archer ×4 · Trebuchet (Packed) ×2 · Monk ×1
Feudal
11:16
Castle
20:05
Imperial
46:13
| APM avg | 32.2 |
| APM peak | 73 |
| eAPM avg | 12.1 |
| Villagers / military | 82 / 100 |
Focus
⚔️ 37.6% · 🌾 62.4%
Archer ×70 · Keshik ×23 · Mangonel ×5 · Spearman ×2
Feudal
10:57
Castle
17:40
Imperial
44:16
| APM avg | 30.2 |
| APM peak | 52 |
| eAPM avg | 13.8 |
| Villagers / military | 109 / 94 |
Focus
⚔️ 36.4% · 🌾 63.6%
Genitour ×40 · Camel Scout ×27 · Knight ×23 · Spearman ×3 · Scout Cavalry ×1
Feudal
9:48
Castle
21:33
Imperial
43:18
| APM avg | 23.8 |
| APM peak | 45 |
| eAPM avg | 14.2 |
| Villagers / military | 112 / 97 |
Focus
⚔️ 34.0% · 🌾 66.0%
Skirmisher ×38 · Genoese Crossbowman ×23 · Knight ×18 · Archer ×10 · Spearman ×4 · Trebuchet (Packed) ×4
Match map
Initial resources + every placement click. Lines = walls · curves = elevation contours. ◆ gold · ⬟ stone · ● berries · ✦ relic · ◌ wall gap
Your base· Open — unwalled flank
Husky's base· Open — 5t gap
Soon's base· Open — unwalled flank
Anubis's base· Open — unwalled flank
Smoothed initial terrain · ◌ = detected wall gap · hover for details
Inputs per minute
— Robin5hood - - Husky
Build order — Robin5hood
First 150 of 292 actions detected
| 0:01 | Create | Villager (Male) |
| 0:20 | Create | Villager (Male) ×3 |
| 1:00 | Create | Villager (Male) |
| 1:57 | Create | Villager (Male) ×2 |
| 2:12 | Build | Lumber Camp |
| 2:24 | Create | Villager (Male) |
| 2:51 | Create | Villager (Male) |
| 3:15 | Create | Villager (Male) |
| 3:50 | Create | Villager (Male) ×2 |
| 4:07 | Create | Villager (Male) |
| 4:43 | Create | Villager (Male) |
| 5:09 | Create | Villager (Male) |
| 5:11 | Build | Mill |
| 5:20 | Create | Villager (Male) |
| 5:20 | Research | Loom |
| 5:30 | Create | Villager (Male) |
| 5:32 | Create | Villager (Male) |
| 5:34 | Research | Loom |
| 7:05 | Research | Feudal Age |
| 7:33 | Build | Barracks |
| 7:48 | Create | Villager (Male) |
| 7:49 | Create | Villager (Male) |
| 9:16 | Age | Feudal Age |
| 9:31 | Build | Stable |
| 9:36 | Create | Villager (Male) |
| 10:00 | Research | Double-Bit Axe |
| 10:12 | Create | Villager (Male) |
| 10:23 | Create | Scout Cavalry |
| 10:23 | Create | Scout Cavalry |
| 10:26 | Create | Scout Cavalry |
| 10:31 | Create | Villager (Male) |
| 11:05 | Create | Villager (Male) |
| 11:20 | Create | Villager (Male) |
| 11:29 | Build | Blacksmith |
| 11:38 | Create | Scout Cavalry |
| 11:42 | Create | Villager (Male) ×4 |
| 12:10 | Create | Villager (Male) |
| 12:21 | Research | Forging |
| 12:24 | Build | Farm |
| 12:24 | Build | Farm |
| 12:24 | Build | Farm |
| 12:25 | Build | Farm |
| 12:25 | Build | Farm |
| 12:29 | Create | Villager (Male) |
| 12:49 | Create | Villager (Male) |
| 12:58 | Create | Scout Cavalry |
| 13:35 | Build | Lumber Camp |
| 13:48 | Build | Market |
| 13:56 | Create | Villager (Male) |
| 13:57 | Create | Villager (Male) |
| 13:58 | Create | Scout Cavalry |
| 14:31 | Create | Villager (Male) |
| 14:45 | Create | Villager (Male) |
| 14:52 | Build | Mining Camp |
| 15:16 | Create | Villager (Male) |
| 15:20 | Build | Archery Range |
| 15:32 | Create | Villager (Male) |
| 15:58 | Create | Villager (Male) |
| 16:09 | Build | Palisade Gate |
| 16:16 | Build | Palisade Wall |
| 16:16 | Build | Palisade Wall |
| 16:17 | Build | Palisade Wall |
| 16:18 | Build | Palisade Wall |
| 16:19 | Build | Palisade Wall |
| 16:20 | Build | Palisade Wall |
| 16:24 | Create | Archer |
| 16:24 | Create | Archer |
| 16:28 | Build | Farm |
| 16:28 | Build | Farm |
| 16:29 | Build | Farm |
| 16:29 | Build | Farm |
| 16:35 | Build | Palisade Wall |
| 16:36 | Build | Palisade Wall |
| 16:36 | Build | Palisade Wall |
| 16:45 | Research | Wheelbarrow |
| 17:03 | Create | Archer |
| 17:12 | Research | Bloodlines |
| 17:48 | Create | Archer |
| 18:40 | Build | Palisade Wall |
| 18:41 | Build | Palisade Wall |
| 18:42 | Build | Palisade Wall |
| 18:43 | Build | Palisade Wall |
| 18:43 | Build | Palisade Wall |
| 18:48 | Research | Castle Age |
| 19:07 | Build | Archery Range |
| 19:10 | Build | Palisade Wall |
| 19:14 | Build | Mining Camp |
| 19:19 | Build | Palisade Wall |
| 19:34 | Build | Palisade Wall |
| 19:58 | Build | Palisade Wall |
| 19:59 | Build | Palisade Wall |
| 20:31 | Research | Fletching |
| 20:39 | Research | Gold Mining |
| 20:43 | Build | Palisade Wall |
| 21:06 | Build | Palisade Wall |
| 21:14 | Build | Palisade Gate |
| 21:28 | Age | Castle Age |
| 21:32 | Create | Cavalry Archer |
| 21:33 | Create | Cavalry Archer |
| 21:36 | Create | Villager (Male) |
| 21:37 | Create | Villager (Male) |
| 21:40 | Build | Town Center |
| 21:46 | Research | Bow Saw |
| 22:18 | Create | Cavalry Archer |
| 22:18 | Create | Cavalry Archer |
| 22:34 | Create | Cavalry Archer |
| 22:43 | Research | Bodkin Arrow |
| 22:51 | Research | Husbandry |
| 23:08 | Create | Villager (Male) |
| 23:08 | Create | Villager (Male) |
| 23:11 | Create | Villager (Male) |
| 23:11 | Create | Villager (Male) |
| 23:19 | Create | Cavalry Archer |
| 23:23 | Research | Bloodlines |
| 23:30 | Build | Archery Range |
| 23:39 | Create | Cavalry Archer |
| 23:39 | Create | Cavalry Archer |
| 23:42 | Create | Villager (Male) |
| 23:42 | Create | Villager (Male) |
| 23:43 | Create | Villager (Male) |
| 23:46 | Research | Town Watch |
| 24:05 | Create | Cavalry Archer |
| 24:24 | Create | Cavalry Archer |
| 24:24 | Create | Cavalry Archer |
| 24:47 | Build | University |
| 24:50 | Create | Villager (Male) ×5 |
| 24:55 | Create | Cavalry Archer ×3 |
| 25:08 | Build | Farm |
| 25:10 | Create | Villager (Male) ×4 |
| 25:17 | Create | Cavalry Archer ×3 |
| 25:30 | Research | Horse Collar |
| 26:20 | Create | Villager (Male) |
| 26:21 | Research | Ballistics |
| 26:24 | Create | Cavalry Archer |
| 26:24 | Create | Cavalry Archer |
| 26:53 | Create | Villager (Male) |
| 26:53 | Create | Villager (Male) |
| 26:56 | Create | Cavalry Archer |
| 26:56 | Create | Cavalry Archer |
| 27:13 | Create | Villager (Male) |
| 27:13 | Create | Villager (Male) |
| 27:23 | Build | Town Center |
| 27:33 | Create | Cavalry Archer |
| 27:33 | Create | Cavalry Archer |
| 28:00 | Research | Hand Cart |
| 28:00 | Create | Villager (Male) ×2 |
| 28:26 | Create | Villager (Male) |
| 28:26 | Create | Villager (Male) |
| 29:29 | Build | Monastery |
| 29:32 | Create | Villager (Male) ×3 |
Build order — Husky
First 150 of 270 actions detected
| 0:02 | Build | House |
| 0:04 | Build | House |
| 0:05 | Build | House |
| 0:07 | Create | Villager (Male) |
| 0:07 | Create | Villager (Male) |
| 0:08 | Create | Villager (Male) |
| 0:08 | Create | Villager (Male) |
| 1:38 | Create | Villager (Male) |
| 1:52 | Build | Lumber Camp |
| 1:58 | Create | Villager (Male) |
| 2:27 | Create | Villager (Male) |
| 2:59 | Create | Villager (Male) |
| 3:35 | Create | Villager (Male) |
| 3:48 | Create | Villager (Male) |
| 4:18 | Create | Villager (Male) |
| 4:51 | Create | Villager (Male) |
| 5:13 | Create | Villager (Male) |
| 5:34 | Create | Villager (Male) |
| 6:09 | Create | Villager (Male) |
| 6:28 | Build | House |
| 6:30 | Build | House |
| 6:32 | Build | House |
| 6:36 | Build | Barracks |
| 6:40 | Create | Villager (Male) |
| 7:23 | Create | Villager (Male) |
| 7:43 | Create | Villager (Male) |
| 8:16 | Create | Villager (Male) |
| 8:38 | Research | Loom |
| 8:44 | Research | Feudal Age |
| 8:53 | Build | Palisade Gate |
| 9:55 | Build | Palisade Wall |
| 10:02 | Build | Palisade Wall |
| 10:05 | Build | Palisade Wall |
| 10:09 | Build | Palisade Wall |
| 10:12 | Build | Palisade Gate |
| 10:27 | Build | Mill |
| 11:16 | Age | Feudal Age |
| 11:21 | Create | Villager (Male) |
| 11:21 | Create | Villager (Male) |
| 11:22 | Create | Villager (Male) |
| 11:22 | Create | Villager (Male) |
| 11:45 | Build | Archery Range |
| 11:51 | Build | Blacksmith |
| 12:10 | Build | Mining Camp |
| 12:22 | Create | Spearman |
| 12:23 | Create | Spearman |
| 12:50 | Research | Horse Collar |
| 13:06 | Build | Lumber Camp |
| 13:13 | Create | Villager (Male) |
| 13:13 | Create | Villager (Male) |
| 13:43 | Create | Archer |
| 13:43 | Create | Archer |
| 13:43 | Create | Archer |
| 13:56 | Build | Farm |
| 14:01 | Create | Villager (Male) |
| 14:33 | Create | Archer |
| 14:38 | Create | Villager (Male) |
| 14:52 | Build | Farm |
| 14:55 | Build | Farm |
| 15:00 | Build | House |
| 15:03 | Build | House |
| 15:04 | Build | House |
| 15:05 | Build | House |
| 15:26 | Create | Archer |
| 15:26 | Create | Archer |
| 16:13 | Research | Fletching |
| 17:25 | Research | Castle Age |
| 17:38 | Build | Watch Tower |
| 17:46 | Create | Archer |
| 18:35 | Research | Padded Archer Armor |
| 18:59 | Build | Farm |
| 19:03 | Create | Archer |
| 19:04 | Create | Archer |
| 19:04 | Create | Archer |
| 19:14 | Build | House |
| 19:15 | Build | House |
| 19:16 | Build | House |
| 19:47 | Create | Archer |
| 20:05 | Age | Castle Age |
| 20:06 | Create | Villager (Male) |
| 20:06 | Create | Villager (Male) |
| 20:12 | Research | Crossbowman (upgrade) |
| 20:17 | Create | Archer |
| 20:21 | Create | Villager (Male) |
| 20:59 | Build | Farm |
| 21:04 | Build | Farm |
| 21:05 | Build | Farm |
| 21:18 | Build | Lumber Camp |
| 21:26 | Research | Bodkin Arrow |
| 21:40 | Create | Villager (Male) |
| 21:48 | Create | Villager (Male) |
| 22:04 | Build | Mining Camp |
| 22:35 | Create | Villager (Male) |
| 22:35 | Create | Villager (Male) |
| 22:38 | Create | Archer |
| 22:38 | Create | Archer |
| 22:39 | Create | Archer |
| 23:00 | Build | University |
| 23:05 | Create | Archer |
| 23:05 | Create | Archer |
| 23:19 | Create | Villager (Male) |
| 23:20 | Create | Villager (Male) |
| 23:25 | Create | Villager (Male) |
| 23:37 | Research | Leather Archer Armor |
| 24:04 | Research | Ballistics |
| 24:16 | Create | Villager (Male) |
| 24:16 | Create | Villager (Male) |
| 24:17 | Create | Villager (Male) |
| 24:36 | Create | Archer |
| 24:39 | Create | Archer |
| 26:14 | Create | Villager (Male) |
| 26:14 | Create | Villager (Male) |
| 26:50 | Build | Farm |
| 27:01 | Build | Farm |
| 27:02 | Create | Villager (Male) |
| 27:02 | Create | Villager (Male) |
| 27:18 | Build | Farm |
| 27:20 | Build | Farm |
| 27:23 | Build | Farm |
| 28:40 | Create | Villager (Male) |
| 28:41 | Create | Villager (Male) |
| 28:41 | Create | Villager (Male) |
| 28:48 | Build | Castle |
| 28:56 | Create | Archer |
| 28:57 | Create | Archer |
| 28:57 | Create | Archer |
| 28:57 | Create | Archer |
| 28:57 | Create | Archer |
| 28:58 | Create | Archer |
| 29:02 | Research | Double-Bit Axe |
| 29:28 | Research | Gold Mining |
| 29:42 | Create | Villager (Male) |
| 29:42 | Create | Villager (Male) |
| 29:44 | Create | Villager (Male) |
| 30:00 | Create | Keshik |
| 30:00 | Create | Keshik |
| 30:15 | Build | Stable |
| 30:35 | Create | Villager (Male) |
| 30:35 | Create | Villager (Male) |
| 31:00 | Research | Bloodlines |
| 31:01 | Research | Husbandry |
| 31:12 | Research | Forging |
| 31:12 | Research | Scale Barding Armor |
| 31:37 | Build | Town Center |
| 31:44 | Create | Villager (Male) |
| 31:45 | Create | Villager (Male) |
| 31:52 | Create | Keshik |
| 32:35 | Build | Farm |
| 32:36 | Research | Heavy Plow |
| 32:44 | Create | Villager (Male) |
Build order — Soon
First 150 of 337 actions detected
| 0:02 | Create | Villager (Male) |
| 0:02 | Create | Villager (Male) |
| 0:02 | Create | Villager (Male) |
| 0:04 | Build | House |
| 0:07 | Build | House |
| 0:26 | Create | Villager (Male) |
| 1:35 | Create | Villager (Male) |
| 1:58 | Build | Lumber Camp |
| 2:03 | Create | Villager (Male) |
| 2:33 | Create | Villager (Male) |
| 2:51 | Create | Villager (Male) |
| 3:15 | Create | Villager (Male) |
| 3:26 | Build | House |
| 3:39 | Create | Villager (Male) |
| 3:50 | Build | Mill |
| 4:19 | Create | Villager (Male) |
| 4:46 | Create | Villager (Male) |
| 4:46 | Create | Villager (Male) |
| 5:28 | Create | Villager (Male) |
| 5:45 | Create | Villager (Male) |
| 6:19 | Create | Villager (Male) |
| 6:25 | Build | House |
| 6:47 | Create | Villager (Male) |
| 6:59 | Build | Mill |
| 7:04 | Research | Loom |
| 7:47 | Create | Villager (Male) |
| 8:14 | Create | Villager (Male) |
| 8:47 | Research | Feudal Age |
| 8:47 | Research | Feudal Age |
| 9:05 | Build | Mining Camp |
| 9:20 | Build | Barracks |
| 10:29 | Build | House |
| 10:57 | Age | Feudal Age |
| 11:01 | Create | Villager (Male) |
| 11:20 | Create | Villager (Male) |
| 11:24 | Build | Stable |
| 11:31 | Build | Blacksmith |
| 12:09 | Create | Spearman |
| 12:36 | Create | Villager (Male) |
| 12:38 | Build | House |
| 13:03 | Create | Villager (Male) |
| 13:07 | Build | Farm |
| 13:10 | Build | Farm |
| 13:18 | Create | Spearman |
| 13:25 | Build | Farm |
| 13:27 | Create | Villager (Male) |
| 13:41 | Build | Farm |
| 13:45 | Build | Farm |
| 13:48 | Build | Farm |
| 13:51 | Build | Farm |
| 13:56 | Build | Farm |
| 13:59 | Create | Villager (Male) |
| 14:31 | Create | Spearman |
| 15:00 | Research | Castle Age |
| 15:28 | Research | Double-Bit Axe |
| 15:28 | Research | Double-Bit Axe |
| 15:34 | Build | House |
| 16:09 | Build | House |
| 16:20 | Research | Bloodlines |
| 16:29 | Research | Horse Collar |
| 16:37 | Build | Palisade Wall |
| 16:43 | Build | Palisade Wall |
| 17:14 | Create | Villager (Male) |
| 17:40 | Age | Castle Age |
| 17:46 | Create | Knight |
| 17:53 | Create | Villager (Male) |
| 18:10 | Build | Farm |
| 18:16 | Create | Knight |
| 18:36 | Create | Villager (Male) |
| 18:48 | Create | Knight |
| 18:50 | Create | Villager (Male) |
| 18:59 | Research | Bow Saw |
| 19:10 | Create | Villager (Male) |
| 19:16 | Create | Knight |
| 19:22 | Build | Farm |
| 19:48 | Create | Villager (Male) |
| 20:15 | Create | Villager (Male) |
| 20:17 | Create | Knight |
| 20:37 | Create | Scout Cavalry |
| 20:38 | Create | Knight |
| 20:52 | Create | Villager (Male) |
| 21:04 | Build | Town Center |
| 21:25 | Create | Villager (Male) |
| 21:26 | Create | Villager (Male) |
| 21:29 | Research | Gold Mining |
| 21:49 | Create | Knight |
| 21:56 | Research | Scale Barding Armor |
| 22:09 | Build | Farm |
| 22:26 | Create | Knight |
| 22:26 | Create | Knight |
| 22:33 | Research | Husbandry |
| 23:02 | Create | Villager (Male) |
| 23:03 | Create | Villager (Male) |
| 23:18 | Create | Villager (Male) |
| 23:20 | Create | Villager (Male) |
| 23:30 | Create | Villager (Male) |
| 23:36 | Build | Farm |
| 23:44 | Build | House |
| 23:45 | Build | House |
| 23:47 | Build | House |
| 23:48 | Build | House |
| 24:07 | Create | Knight |
| 24:11 | Create | Villager (Male) |
| 24:14 | Create | Villager (Male) |
| 24:25 | Build | Farm |
| 24:44 | Create | Villager (Male) |
| 24:44 | Create | Villager (Male) |
| 24:48 | Build | Archery Range |
| 25:15 | Create | Villager (Male) |
| 25:20 | Build | Town Center |
| 25:27 | Build | Farm |
| 25:28 | Build | Farm |
| 25:39 | Create | Knight |
| 25:51 | Build | Farm |
| 26:25 | Research | Elite Skirmisher (upgrade) |
| 26:34 | Create | Genitour |
| 26:34 | Create | Genitour |
| 27:05 | Research | Fletching |
| 27:19 | Create | Villager (Male) |
| 27:19 | Create | Villager (Male) |
| 27:24 | Create | Genitour |
| 27:32 | Create | Knight |
| 27:33 | Create | Knight |
| 27:34 | Create | Villager (Male) |
| 27:34 | Create | Villager (Male) |
| 27:35 | Create | Villager (Male) |
| 27:38 | Build | Farm |
| 27:42 | Research | Heavy Plow |
| 28:13 | Create | Genitour |
| 28:14 | Create | Villager (Male) |
| 28:15 | Create | Villager (Male) |
| 28:15 | Create | Villager (Male) |
| 28:48 | Create | Genitour |
| 28:53 | Research | Bodkin Arrow |
| 28:53 | Create | Villager (Male) |
| 28:53 | Create | Villager (Male) |
| 28:58 | Build | Farm |
| 29:01 | Build | Farm |
| 29:02 | Build | Farm |
| 29:18 | Build | Farm |
| 29:18 | Build | Farm |
| 29:18 | Build | Farm |
| 29:23 | Research | Padded Archer Armor |
| 29:32 | Create | Villager (Male) |
| 29:33 | Create | Villager (Male) |
| 29:38 | Build | Farm |
| 29:49 | Create | Villager (Male) |
| 29:50 | Create | Villager (Male) |
| 29:50 | Create | Villager (Male) |
| 29:50 | Create | Villager (Male) |
Build order — Anubis
First 150 of 318 actions detected
| 0:01 | Create | Villager (Male) |
| 0:01 | Create | Villager (Male) |
| 0:01 | Create | Villager (Male) |
| 0:01 | Create | Villager (Male) |
| 0:02 | Build | House |
| 0:04 | Build | House |
| 1:24 | Create | Villager (Male) |
| 2:03 | Build | Mill |
| 2:05 | Create | Villager (Male) |
| 2:24 | Create | Villager (Male) |
| 3:00 | Create | Villager (Male) |
| 3:26 | Create | Villager (Male) |
| 3:37 | Build | House |
| 3:51 | Create | Villager (Male) |
| 4:18 | Create | Villager (Male) |
| 4:28 | Create | Villager (Male) |
| 4:45 | Create | Villager (Male) |
| 4:57 | Create | Villager (Male) |
| 5:17 | Create | Villager (Male) |
| 5:41 | Create | Villager (Male) |
| 5:54 | Build | House |
| 5:56 | Create | Villager (Male) |
| 6:45 | Build | Lumber Camp |
| 6:59 | Research | Loom |
| 7:17 | Research | Feudal Age |
| 8:22 | Build | Barracks |
| 8:43 | Create | Villager (Male) |
| 8:43 | Create | Villager (Male) |
| 8:53 | Build | Mining Camp |
| 9:31 | Build | House |
| 9:48 | Age | Feudal Age |
| 10:20 | Build | Archery Range |
| 10:23 | Create | Villager (Male) |
| 10:50 | Create | Villager (Male) |
| 11:08 | Create | Villager (Male) |
| 11:12 | Create | Archer |
| 11:12 | Create | Archer |
| 11:20 | Build | Mill |
| 11:42 | Create | Villager (Male) |
| 11:58 | Create | Villager (Male) |
| 12:03 | Build | Farm |
| 12:07 | Build | Farm |
| 12:10 | Research | Double-Bit Axe |
| 12:17 | Create | Archer |
| 12:24 | Build | House |
| 12:29 | Create | Villager (Male) |
| 12:42 | Create | Archer |
| 12:44 | Create | Villager (Male) |
| 12:59 | Create | Spearman |
| 12:59 | Create | Spearman |
| 13:13 | Build | House |
| 13:16 | Create | Villager (Male) |
| 13:31 | Build | Lumber Camp |
| 13:41 | Build | House |
| 13:43 | Create | Villager (Male) |
| 13:51 | Create | Archer |
| 13:58 | Build | House |
| 14:01 | Create | Villager (Male) |
| 14:02 | Create | Villager (Male) |
| 14:10 | Create | Archer |
| 14:14 | Create | Spearman |
| 14:15 | Create | Villager (Male) |
| 14:36 | Build | Blacksmith |
| 14:56 | Research | Fletching |
| 15:30 | Create | Skirmisher |
| 15:30 | Create | Skirmisher |
| 16:15 | Create | Archer |
| 16:17 | Create | Archer |
| 16:20 | Build | House |
| 16:22 | Create | Villager (Male) |
| 16:23 | Create | Villager (Male) |
| 16:35 | Build | Farm |
| 16:35 | Build | Farm |
| 16:36 | Build | Farm |
| 16:36 | Build | Farm |
| 16:36 | Build | Farm |
| 17:19 | Create | Villager (Male) |
| 17:19 | Create | Villager (Male) |
| 17:38 | Create | Archer |
| 17:41 | Create | Spearman |
| 18:20 | Build | Market |
| 18:27 | Create | Villager (Male) |
| 18:37 | Create | Archer |
| 18:39 | Build | House |
| 18:41 | Build | House |
| 18:53 | Research | Castle Age |
| 18:55 | Build | Farm |
| 19:07 | Build | Stable |
| 20:02 | Research | Padded Archer Armor |
| 20:03 | Create | Villager (Male) |
| 20:03 | Create | Villager (Male) |
| 20:24 | Build | Mining Camp |
| 20:32 | Build | Mining Camp |
| 20:35 | Create | Villager (Male) |
| 20:37 | Create | Villager (Male) |
| 20:37 | Create | Villager (Male) |
| 21:33 | Age | Castle Age |
| 21:34 | Create | Knight |
| 21:34 | Create | Knight |
| 21:39 | Build | Stable |
| 21:47 | Research | Crossbowman (upgrade) |
| 22:01 | Research | Bodkin Arrow |
| 22:05 | Create | Trade Cart |
| 22:07 | Create | Villager (Male) |
| 22:08 | Create | Villager (Male) |
| 22:34 | Create | Knight |
| 22:45 | Research | Elite Skirmisher (upgrade) |
| 22:54 | Build | Archery Range |
| 22:56 | Build | House |
| 23:02 | Create | Knight |
| 23:05 | Create | Knight |
| 23:18 | Create | Villager (Male) |
| 23:18 | Create | Villager (Male) |
| 23:41 | Create | Skirmisher |
| 23:41 | Create | Skirmisher |
| 23:43 | Create | Skirmisher |
| 23:43 | Create | Skirmisher |
| 23:52 | Create | Skirmisher |
| 23:52 | Create | Skirmisher |
| 24:07 | Create | Villager (Male) |
| 24:31 | Research | Scale Barding Armor |
| 24:32 | Create | Villager (Male) |
| 24:42 | Build | House |
| 24:43 | Build | House |
| 24:45 | Build | House |
| 25:24 | Create | Villager (Male) |
| 26:03 | Create | Skirmisher |
| 26:03 | Create | Skirmisher |
| 26:03 | Create | Skirmisher |
| 26:04 | Create | Skirmisher |
| 26:34 | Build | Town Center |
| 26:48 | Create | Villager (Male) |
| 27:04 | Build | Stone Wall |
| 27:07 | Build | Stone Wall |
| 27:12 | Build | Stone Wall |
| 27:18 | Create | Villager (Male) |
| 27:40 | Create | Skirmisher |
| 27:40 | Create | Skirmisher |
| 27:53 | Create | Skirmisher |
| 27:54 | Create | Skirmisher |
| 28:27 | Create | Villager (Male) |
| 28:28 | Create | Villager (Male) |
| 29:01 | Build | Castle |
| 29:10 | Create | Villager (Male) |
| 29:11 | Create | Villager (Male) |
| 29:29 | Research | Town Watch |
| 30:00 | Create | Knight |
| 30:03 | Create | Knight |
| 30:38 | Research | Gold Mining |
| 30:39 | Create | Genoese Crossbowman |
Match timeline
| 6:36 | Husky · first_building Barracks |
| 7:33 | Robin5hood · first_building Barracks |
| 8:22 | Anubis · first_building Barracks |
| 9:16 | Robin5hood · age_up feudal |
| 9:20 | Soon · first_building Barracks |
| 9:31 | Robin5hood · first_building Stable |
| 9:48 | Anubis · age_up feudal |
| 9:55 | Husky · wall_segment Palisade Wall x14 |
| 10:02 | Husky · wall_segment Palisade Wall x10 |
| 10:05 | Husky · wall_segment Palisade Wall x9 |
| 10:09 | Husky · wall_segment Palisade Wall x9 |
| 10:20 | Anubis · first_building Archery Range |
| 10:57 | Soon · age_up feudal |
| 11:16 | Husky · age_up feudal |
| 11:24 | Soon · first_building Stable |
| 11:45 | Husky · first_building Archery Range |
| 15:20 | Robin5hood · first_building Archery Range |
| 16:16 | Robin5hood · wall_segment Palisade Wall x1 |
| 16:16 | Robin5hood · wall_segment Palisade Wall x1 |
| 16:17 | Robin5hood · wall_segment Palisade Wall x1 |
| 16:18 | Robin5hood · wall_segment Palisade Wall x1 |
| 16:19 | Robin5hood · wall_segment Palisade Wall x1 |
| 16:20 | Robin5hood · wall_segment Palisade Wall x1 |
| 16:35 | Robin5hood · wall_segment Palisade Wall x1 |
| 16:36 | Robin5hood · wall_segment Palisade Wall x1 |
| 16:36 | Robin5hood · wall_segment Palisade Wall x1 |
| 16:37 | Soon · wall_segment Palisade Wall x4 |
| 16:43 | Soon · wall_segment Palisade Wall x10 |
| 17:40 | Soon · age_up castle |
| 18:40 | Robin5hood · wall_segment Palisade Wall x1 |
| 18:41 | Robin5hood · wall_segment Palisade Wall x1 |
| 18:42 | Robin5hood · wall_segment Palisade Wall x1 |
| 18:43 | Robin5hood · wall_segment Palisade Wall x1 |
| 18:43 | Robin5hood · wall_segment Palisade Wall x1 |
| 18:50 | Anubis · first_market_buy 100 food |
| 18:51 | Anubis · first_market_sell 100 wood |
| 19:07 | Anubis · first_building Stable |
| 19:10 | Robin5hood · wall_segment Palisade Wall x2 |
| 19:19 | Robin5hood · wall_segment Palisade Wall x3 |
| 19:34 | Robin5hood · wall_segment Palisade Wall x5 |
| 19:58 | Robin5hood · wall_segment Palisade Wall x1 |
| 19:59 | Robin5hood · wall_segment Palisade Wall x1 |
| 20:05 | Husky · age_up castle |
| 20:43 | Robin5hood · wall_segment Palisade Wall x1 |
| 21:06 | Robin5hood · wall_segment Palisade Wall x1 |
| 21:28 | Robin5hood · age_up castle |
| 21:33 | Anubis · age_up castle |
| 24:48 | Soon · first_building Archery Range |
| 27:04 | Anubis · wall_segment Stone Wall x1 |
| 27:07 | Anubis · wall_segment Stone Wall x1 |
| 27:12 | Anubis · wall_segment Stone Wall x1 |
| 28:48 | Husky · first_building Castle |
| 29:01 | Anubis · first_building Castle |
| 29:29 | Robin5hood · first_building Monastery |
| 30:14 | Robin5hood · first_market_buy 500 food |
| 30:15 | Husky · first_building Stable |
| 35:37 | Robin5hood · first_building Castle |
| 37:49 | Soon · first_building Monastery |
| 38:02 | Robin5hood · age_up imperial |
| 39:41 | Husky · first_building Siege Workshop |
| 43:18 | Anubis · age_up imperial |
| 43:40 | Soon · first_building Castle |
| 44:16 | Soon · age_up imperial |
| 45:47 | Anubis · first_building Siege Workshop |
| 46:13 | Husky · age_up imperial |
| 47:02 | Husky · resign |
[ AI ANALYSIS · 1 CREDIT ]
What really happened in this match?
Wolo.gg analyzes every decision: build order, eco, micro, common mistakes by bracket. Personalized analysis on WhatsApp or Discord in 30 seconds.
Civ guide
Huns
Map guide
MegaRandom
Perfil
Robin5hood